MLB
BOSTON RED SOX @ MINNESOTA TWINS
08/09/2047
 
TOP OF THE 1ST
Boston Red Sox batting - Pitching for Minnesota Twins : LHP John McRight
Pitching: LHP John McRight
Batting: RHB Alois Wollf 0-0: SOLO HOME RUN (Flyball, 7D, EV 98.1 MPH), Distance : 381 ft
Batting: RHB Nick Esteves 0-0: Ball
1-0: Foul Ball, location: 2F
1-1: Swinging Strike
1-2: Foul Ball, location: 2F
1-2: Foul Ball, location: 2F
1-2: Ball
2-2: Foul Ball, location: 2F
2-2: SINGLE (Line Drive, 56D, EV 104.4 MPH)
Batting: RHB David Price Jr. 0-0: Called Strike
0-1: Called Strike
0-2: SINGLE (Groundball, 56S, EV 71.9 MPH) (infield hit)
Nick Esteves to second
Batting: SHB Marvin Lawrence 0-0: Ball
1-0: Ball
2-0: Ball
3-0: Swinging Strike
3-1: Foul Ball, location: 2F
3-2: Foul Ball, location: 2F
3-2: Base on Balls
Nick Esteves to third
David Price Jr. to second
Batting: RHB Cesar Breceda 0-0: Called Strike
0-1: Swinging Strike
0-2: Strikes out looking
Batting: RHB Dan Friess 0-0: Ball
1-0: Swinging Strike
1-1: Foul Ball, location: 2F
1-2: Ball
2-2: Ball
3-2: Foul Ball, location: 2F
3-2: Base on Balls
Nick Esteves scores
David Price Jr. to third
Marvin Lawrence to second
Batting: SHB Willie Koviak 0-0: Swinging Strike
0-1: Ball
1-1: Ball
2-1: Fly out, F9 (Flyball, 9, EV 91.9 MPH)
Batting: RHB Dave Nickerson 0-0: Swinging Strike
0-1: Foul Ball, location: 2F
0-2: Ball
1-2: Strikes out swinging
Top of the 1st over - 2 runs, 3 hits, 0 errors, 3 left on base; Boston 2 - Minnesota 0
BOTTOM OF THE 1ST
Minnesota Twins batting - Pitching for Boston Red Sox : RHP Justin Stinson
Pitching: RHP Justin Stinson
Batting: RHB Sean Gould 0-0: Ground out 6-3 (Groundball, 56, EV 98.1 MPH)
Batting: RHB J.J. Powers 0-0: Ball
1-0: Ball
2-0: Called Strike
2-1: Foul Ball, location: 2F
2-2: Ball
3-2: Ground out 3-1 (Groundball, 34S, EV 83.8 MPH)
Batting: LHB Chaim Huting 0-0: Foul Ball, location: 2F
0-1: Ground out 6-3 (Groundball, 6, EV 78.1 MPH)
Bottom of the 1st over - 0 runs, 0 hits, 0 errors, 0 left on base; Boston 2 - Minnesota 0
TOP OF THE 2ND
Boston Red Sox batting - Pitching for Minnesota Twins : LHP John McRight
Batting: LHB Bob Branham 0-0: Called Strike
0-1: Ball
1-1: Hit by Pitch
Batting: RHB Alois Wollf 0-0: Ball
1-0: Ball
2-0: Foul Ball, location: 2F
2-1: Ball
3-1: Base on Balls
Bob Branham to second
Batting: RHB Nick Esteves 0-0: Ball
1-0: Called Strike
1-1: Swinging Strike
1-2: 3-RUN HOME RUN (Flyball, 9D, EV 101.2 MPH), Distance : 406 ft
Batting: RHB David Price Jr. 0-0: Foul Ball, location: 2F
0-1: Ball
1-1: SINGLE (Flyball, 7LS, EV 88.8 MPH)
Batting: SHB Marvin Lawrence 0-0: Ball
1-0: Ball
2-0: Fly out, F3 (Popup, 3, EV 66.2 MPH)
Batting: RHB Cesar Breceda 0-0: Foul Ball, location: 2F
0-1: SINGLE (Line Drive, 6MD, EV 96.9 MPH)
David Price Jr. to second
Batting: RHB Dan Friess 0-0: Ball
1-0: Called Strike
1-1: Ball
2-1: Ball
3-1: Called Strike
3-2: Strikes out swinging
Batting: SHB Willie Koviak 0-0: Called Strike
0-1: Swinging Strike
0-2: Strikes out swinging
Top of the 2nd over - 3 runs, 3 hits, 0 errors, 2 left on base; Boston 5 - Minnesota 0
BOTTOM OF THE 2ND
Minnesota Twins batting - Pitching for Boston Red Sox : RHP Justin Stinson
Batting: RHB Steve Jordan 0-0: Called Strike
0-1: Fly out, F7 (Flyball, 7D, EV 102.5 MPH)
Batting: RHB Hildo Pot 0-0: Called Strike
0-1: SINGLE (Groundball, 6MD, EV 88.1 MPH) (infield hit)
Batting: RHB Austin Mickelson 0-0: Ball
1-0: Called Strike
1-1: Grounds into double play, 6-4-3 (Groundball, 6, EV 83.8 MPH)
Bottom of the 2nd over - 0 runs, 1 hit, 0 errors, 0 left on base; Boston 5 - Minnesota 0
TOP OF THE 3RD
Boston Red Sox batting - Pitching for Minnesota Twins : LHP John McRight
Batting: RHB Dave Nickerson 0-0: Ball
1-0: Ball
2-0: Ball
3-0: Base on Balls
Batting: LHB Bob Branham 0-0: Ball
1-0: Grounds into double play, 3-6-3 (Groundball, 3, EV 80.0 MPH)
Batting: RHB Alois Wollf 0-0: Called Strike
0-1: Ball
1-1: Ball
2-1: Fly out, F9 (Flyball, 89XD, EV 90.0 MPH)
Top of the 3rd over - 0 runs, 0 hits, 0 errors, 0 left on base; Boston 5 - Minnesota 0
BOTTOM OF THE 3RD
Minnesota Twins batting - Pitching for Boston Red Sox : RHP Justin Stinson
Batting: RHB Jesse Scott 0-0: Ball
1-0: Swinging Strike
1-1: Foul Ball, location: 2F
1-2: Strikes out swinging
Batting: RHB José Molina 0-0: Ball
1-0: Ground out 6-3 (Groundball, 6MS, EV 78.8 MPH)
Batting: RHB Alex Sandoval 0-0: Foul Ball, location: 2F
0-1: Ball
1-1: Called Strike
1-2: Foul Ball, location: 2F
1-2: Foul Ball, location: 2F
1-2: Ground out 6-3 (Groundball, 6, EV 83.8 MPH)
Bottom of the 3rd over - 0 runs, 0 hits, 0 errors, 0 left on base; Boston 5 - Minnesota 0
TOP OF THE 4TH
Boston Red Sox batting - Pitching for Minnesota Twins : LHP John McRight
Batting: RHB Nick Esteves 0-0: Foul Ball, location: 2F
0-1: Ball
1-1: SINGLE (Groundball, 4MD, EV 104.4 MPH)
Batting: RHB David Price Jr. 0-0: Called Strike
0-1: Ball
1-1: Foul Ball, location: 2F
1-2: Ball
2-2: Ball
3-2: SINGLE (Flyball, 4D, EV 91.9 MPH)
Nick Esteves to second
Batting: SHB Marvin Lawrence 0-0: 3-RUN HOME RUN (Flyball, 9LD, EV 98.8 MPH), Distance : 373 ft
Pitching: LHP Josh Langguth
Batting: RHB Cesar Breceda 0-0: Ball
1-0: Foul Ball, location: 2F
1-1: Foul Ball, location: 2F
1-2: Ball
2-2: Ball
3-2: Base on Balls
Batting: RHB Dan Friess 0-0: Foul Ball, location: 2F
0-1: Ball
1-1: Ball
2-1: Grounds into double play, 4-6-3 (Groundball, 4S, EV 86.9 MPH)
Batting: SHB Willie Koviak 0-0: Ground out 4-3 (Groundball, 4, EV 86.2 MPH)
Top of the 4th over - 3 runs, 3 hits, 0 errors, 0 left on base; Boston 8 - Minnesota 0
BOTTOM OF THE 4TH
Minnesota Twins batting - Pitching for Boston Red Sox : RHP Justin Stinson
Batting: RHB Sean Gould 0-0: Ball
1-0: Called Strike
1-1: Ball
2-1: Swinging Strike
2-2: Strikes out swinging
Batting: RHB J.J. Powers 0-0: Ball
1-0: Ball
2-0: Ball
3-0: Base on Balls
Batting: LHB Chaim Huting 0-0: Called Strike
0-1: DOUBLE (Line Drive, 9LM, EV 91.9 MPH)
J.J. Powers to third
Runner from 3rd tries for Home, SAFE, throw by RF to trailing runner, SAFE at third!
Batting: RHB Steve Jordan 0-0: Ground out U3 (Groundball, 34, EV 102.5 MPH)
Chaim Huting scores
Batting: RHB Hildo Pot 0-0: Called Strike
0-1: Ball
1-1: Ball
2-1: Foul Ball, location: 2F
2-2: Ball
3-2: Fly out, F4 (Popup, 34S, EV 70.0 MPH)
Bottom of the 4th over - 2 runs, 1 hit, 0 errors, 0 left on base; Boston 8 - Minnesota 2
TOP OF THE 5TH
Boston Red Sox batting - Pitching for Minnesota Twins : LHP Josh Langguth
Batting: RHB Dave Nickerson 0-0: Called Strike
0-1: Ball
1-1: Foul Ball, location: 2F
1-2: Foul Ball, location: 2F
1-2: Strikes out swinging
Batting: LHB Bob Branham 0-0: Ball
1-0: Ball
2-0: Foul Ball, location: 2F
2-1: Ground out 5-3 (Groundball, 56, EV 83.8 MPH)
Batting: RHB Alois Wollf 0-0: Called Strike
0-1: Fly out, F8 (Flyball, 8LS, EV 80.0 MPH)
Top of the 5th over - 0 runs, 0 hits, 0 errors, 0 left on base; Boston 8 - Minnesota 2
BOTTOM OF THE 5TH
Minnesota Twins batting - Pitching for Boston Red Sox : RHP Justin Stinson
Batting: RHB Austin Mickelson 0-0: Swinging Strike
0-1: Ground out 6-3 (Groundball, 6, EV 97.5 MPH)
Batting: RHB Jesse Scott 0-0: Ground out 6-3 (Groundball, 6, EV 77.5 MPH)
Batting: RHB José Molina 0-0: Foul Ball, location: 2F
0-1: Ball
1-1: Called Strike
1-2: Foul Ball, location: 2F
1-2: Strikes out swinging, 2-3 out at first.
Bottom of the 5th over - 0 runs, 0 hits, 0 errors, 0 left on base; Boston 8 - Minnesota 2
TOP OF THE 6TH
Boston Red Sox batting - Pitching for Minnesota Twins : LHP Josh Langguth
Batting: RHB Nick Esteves 0-0: Ball
1-0: Called Strike
1-1: Swinging Strike
1-2: Ball
2-2: SINGLE (Groundball, 56D, EV 100.0 MPH)
Pitching: RHP Willie Nieto
Batting: RHB David Price Jr. 0-0: Called Strike
Nick Esteves steals 2nd base
0-1: Foul Ball, location: 2F
0-2: SINGLE (Groundball, 4D, EV 105.0 MPH)
Nick Esteves to third
Runner from 3rd tries for Home, throw by CF and OUT! 8-2
David Price Jr. to second
Batting: SHB Marvin Lawrence 0-0: Ground out 4-3 (Groundball, 4, EV 92.5 MPH)
David Price Jr. to third
Batting: RHB Cesar Breceda 0-0: Swinging Strike
0-1: Called Strike
0-2: Ball
1-2: Ball
2-2: Ground out 4-3 (Groundball, 4M, EV 83.1 MPH)
Top of the 6th over - 0 runs, 2 hits, 0 errors, 1 left on base; Boston 8 - Minnesota 2
BOTTOM OF THE 6TH
Minnesota Twins batting - Pitching for Boston Red Sox : RHP Justin Stinson
Batting: RHB Alex Sandoval 0-0: Swinging Strike
0-1: SOLO HOME RUN (Flyball, 78XD, EV 98.1 MPH), Distance : 390 ft
Batting: RHB Sean Gould 0-0: Swinging Strike
0-1: Swinging Strike
0-2: Ball
1-2: Foul Ball, location: 2F
1-2: Foul Ball, location: 2F
1-2: Ball
2-2: Foul Ball, location: 2F
2-2: Fly out, F7 (Flyball, 78S, EV 91.9 MPH)
Batting: RHB J.J. Powers 0-0: Ball
1-0: Ground out 6-3 (Groundball, 6, EV 112.5 MPH)
Batting: LHB Chaim Huting 0-0: Ball
1-0: Ball
2-0: Ground out 1-3 (Groundball, 25, EV 66.9 MPH)
Bottom of the 6th over - 1 run, 1 hit, 0 errors, 0 left on base; Boston 8 - Minnesota 3
TOP OF THE 7TH
Boston Red Sox batting - Pitching for Minnesota Twins : RHP Willie Nieto
Batting: RHB Dan Friess 0-0: Ball
1-0: Foul Ball, location: 2F
1-1: Foul Ball, location: 2F
1-2: Fly out, F7 (Flyball, 7LM, EV 94.4 MPH)
Batting: SHB Willie Koviak 0-0: Foul Ball, location: 2F
0-1: Ground out 6-3 (Groundball, 6M, EV 85.6 MPH)
Batting: LHB Zack Guillen 0-0: Ball
1-0: Swinging Strike
1-1: Called Strike
1-2: SINGLE (Line Drive, 4D, EV 95.0 MPH)
Pitching: LHP Nigel Turner
Batting: LHB Bob Branham 0-0: Swinging Strike
0-1: Called Strike
0-2: Ball
1-2: Strikes out looking
Top of the 7th over - 0 runs, 1 hit, 0 errors, 1 left on base; Boston 8 - Minnesota 3
BOTTOM OF THE 7TH
Minnesota Twins batting - Pitching for Boston Red Sox : RHP Justin Stinson
Batting: RHB Steve Jordan 0-0: Ball
1-0: Called Strike
1-1: Ball
2-1: Ball
3-1: SINGLE (Groundball, 56, EV 101.9 MPH)
Batting: RHB Hildo Pot 0-0: Ball
1-0: Called Strike
1-1: Ball
Steve Jordan steals 2nd base
2-1: Ball
3-1: SINGLE (Flyball, 89S, EV 98.1 MPH)
Steve Jordan to third
Runner from 3rd tries for Home, SAFE, throw by RF to home
Batting: RHB Austin Mickelson 0-0: Called Strike
0-1: Foul Ball, location: 2F
0-2: Fly out, F7 (Flyball, 7D, EV 83.8 MPH)
Batting: RHB Jesse Scott 0-0: Ball
1-0: Ball
Hildo Pot steals 2nd base
2-0: Foul Ball, location: 2F
2-1: 2-RUN HOME RUN (Flyball, 9D, EV 99.4 MPH), Distance : 397 ft
Pitching: RHP Elijah Daniels
Batting: RHB José Molina 0-0: Ball
1-0: Called Strike
1-1: Hit by Pitch
Batting: RHB Alex Sandoval 0-0: Called Strike
0-1: Called Strike
0-2: Ball
1-2: Ball
2-2: Fly out, F9 (Line Drive, 9, EV 105.6 MPH)
Batting: RHB Sean Gould 0-0: Ball
1-0: Ball
2-0: Called Strike
2-1: Fielders Choice at 2nd, U4 (Groundball, 4M, EV 83.8 MPH)
Bottom of the 7th over - 3 runs, 3 hits, 0 errors, 1 left on base; Boston 8 - Minnesota 6
TOP OF THE 8TH
Boston Red Sox batting - Pitching for Minnesota Twins : LHP Nigel Turner
Batting: RHB Alois Wollf 0-0: Called Strike
0-1: SINGLE (Line Drive, 34D, EV 96.9 MPH)
Batting: RHB Nick Esteves 0-0: Sac Bunt to 3S - play at first, batter OUT! 3-1
Alois Wollf to second
Batting: RHB David Price Jr. 0-0: Called Strike
0-1: Ground out U3 (Groundball, 34S, EV 65.6 MPH)
Alois Wollf to third
Batting: SHB Marvin Lawrence 0-0: Ground out 5-3 (Groundball, 56, EV 103.8 MPH)
Top of the 8th over - 0 runs, 1 hit, 0 errors, 1 left on base; Boston 8 - Minnesota 6
BOTTOM OF THE 8TH
Minnesota Twins batting - Pitching for Boston Red Sox : RHP Elijah Daniels
Batting: RHB J.J. Powers 0-0: Called Strike
0-1: Swinging Strike
0-2: Ball
1-2: Ball
2-2: Strikes out swinging
Batting: LHB Chaim Huting 0-0: Ball
1-0: SINGLE (Line Drive, 9S, EV 110.0 MPH)
Batting: RHB Steve Jordan 0-0: Called Strike
0-1: Foul Ball, location: 2F
0-2: DOUBLE (Flyball, 89XD, EV 100.6 MPH)
Chaim Huting to third
Runner from 3rd tries for Home, SAFE, no throw by CF
Batting: RHB Hildo Pot 0-0: Foul Ball, location: 2F
0-1: Swinging Strike
0-2: Ball
1-2: Ball
2-2: Ball
3-2: Foul Ball, location: 2F
3-2: Fly out, F9 (Line Drive, 9S, EV 96.9 MPH)
Batting: RHB Austin Mickelson 0-0: Called Strike
0-1: Ball
1-1: Called Strike
1-2: Ball
2-2: Ball
3-2: Base on Balls
Batting: RHB Jesse Scott 0-0: Ball
1-0: Ball
2-0: Fielders Choice at 2nd, 6-4 (Groundball, 6, EV 106.2 MPH)
Bottom of the 8th over - 1 run, 2 hits, 0 errors, 2 left on base; Boston 8 - Minnesota 7
TOP OF THE 9TH
Boston Red Sox batting - Pitching for Minnesota Twins : LHP Nigel Turner
Pitching: RHP Borisz Barciniak
Batting: RHB Cesar Breceda 0-0: Ball
1-0: Ball
2-0: SOLO HOME RUN (Flyball, 9LD, EV 96.9 MPH), Distance : 359 ft
Batting: RHB Dan Friess 0-0: Ball
1-0: Ball
2-0: Called Strike
2-1: Called Strike
2-2: Ball
3-2: Strikes out looking
Batting: SHB Willie Koviak 0-0: Ball
1-0: Foul Ball, location: 2F
1-1: Fly out, F9 (Flyball, 9D, EV 96.2 MPH)
Batting: LHB Zack Guillen 0-0: Foul Ball, location: 2F
0-1: Ground out U3 (Groundball, 34, EV 101.2 MPH)
Top of the 9th over - 1 run, 1 hit, 0 errors, 0 left on base; Boston 9 - Minnesota 7
BOTTOM OF THE 9TH
Minnesota Twins batting - Pitching for Boston Red Sox : RHP Elijah Daniels
Pitching: RHP Guadalupe Vasguez
Now in LF: Shoichi Aso
Now in RF: David Price Jr.
Batting: RHB José Molina 0-0: Called Strike
0-1: Ball
1-1: Ball
2-1: Swinging Strike
2-2: Fly out, F9 (Flyball, 89M, EV 83.1 MPH)
Batting: SHB Bran Stark 0-0: Ball
1-0: Ball
2-0: Foul Ball, location: 2F
2-1: Fly out, F7 (Flyball, 7S, EV 81.9 MPH)
Batting: RHB Sean Gould 0-0: Ball
1-0: Called Strike
1-1: Called Strike
1-2: Ball
2-2: Strikes out swinging, 2-3 out at first.
Bottom of the 9th over - 0 runs, 0 hits, 0 errors, 0 left on base; Boston 9 - Minnesota 7
Thursday, December 15th , 2022 - OOTP Baseball 23.9 Build 102